Workbook
Name _Hlk511664705: Evaluación!#REF!

Sheet Evaluación
A1: EVALUACION Y VERIFICACIÓN DE REQUISITOS HABILITANTES SA-04-2023 | G1: EVALUACION Y VERIFICACIÓN DE REQUISITOS HABILITANTES SA-04-2023
B2: VALOR DEL CONTRATO | C2: 67179046 | D2: =+C2/1160000 -> 57.912971 | E2: SMMLV | H2: VALOR DEL CONTRATO | I2: 67179046 | J2: =+I2/1160000 -> 57.912971 | K2: SMMLV
A3: NUMERO DE PROPONENTE: | B3: NUMERO DE PROPONENTE | C3: 1 | G3: NUMERO DE PROPONENTE: | H3: NUMERO DE PROPONENTE | I3: 2
A4: PROPONENTE: | C4: OSCAR ADOLFO DIEZ YEPES | G4: PROPONENTE: | I4: SOLUCIONES INTEGRALES TM SAS
A5: PROPONENTE SINGULAR: | C5: X | D5: INTEGRANTES: | G5: PROPONENTE SINGULAR: | I5: X | J5: INTEGRANTES:
A6: PROPONENTE PLURAL: | G6: PROPONENTE PLURAL:
C7: CUMPLE | D7: NO CUMPLE | E7: OBSERVACIONES | I7: CUMPLE | J7: NO CUMPLE | K7: OBSERVACIONES
A8: REQUISITOS HABILITANTES Y SU VERIFICACION | G8: REQUISITOS HABILITANTES Y SU VERIFICACION
A9: 2.1 | B9: PRESENTACION DE LA OFERTA | G9: 2.1 | H9: PRESENTACION DE LA OFERTA
A10: A | B10: Formato 1 - Carta de presentación de la oferta. | C10: X | G10: A | H10: Formato 1 - Carta de presentación de la oferta. | I10: X
A11: B | B11: Aval de la propuesta por profesional en el área de la ingeniería. | C11: X | G11: B | H11: Aval de la propuesta por profesional en el área de la ingeniería. | I11: X | K11: Subsanó dentro del plazo establecido
A12: C | B12: Registro Único Tributario (RUT) del proponente singular. | C12: X | G12: C | H12: Registro Único Tributario (RUT) del proponente singular. | I12: X
A13: D | B13: Registro Único Tributario (RUT) de los miembros del proponente plural. | C13: N.A | G13: D | H13: Registro Único Tributario (RUT) de los miembros del proponente plural. | I13: N.A
A14: 3.2 | B14: CAPACIDAD JURIDICA | G14: 3.2 | H14: CAPACIDAD JURIDICA
A15: A. | B15: Capacidad juridica para la presentacion de la oferta | C15: X | G15: A. | H15: Capacidad juridica para la presentacion de la oferta | I15: X
A16: B. | B16: Capacidad jurídica para la celebracion y ejecucion del contrato. | C16: X | G16: B. | H16: Capacidad jurídica para la celebracion y ejecucion del contrato. | I16: X
A17: D1. | B17: No reporte boletín de responsables fiscales. | C17: X | E17: Verificado por la entidad | G17: D1. | H17: No reporte boletín de responsables fiscales. | I17: X | K17: Verificado por la entidad
A18: D2. | B18: Antecendentes disciplinarios. | C18: X | E18: Verificado por la entidad | G18: D2. | H18: Antecendentes disciplinarios. | I18: X | K18: Verificado por la entidad
A19: D3. | B19: Antecedentes judiciales. | C19: X | E19: Verificado por la entidad | G19: D3. | H19: Antecedentes judiciales. | I19: X | K19: Verificado por la entidad
A20: D4. | B20: Registro nacional de medidas correctivas. | C20: X | E20: Verificado por la entidad | G20: D4. | H20: Registro nacional de medidas correctivas. | I20: X | K20: Verificado por la entidad
A21: 3.3 | B21: EXISTENCIA Y REPRESENTACION LEGAL | G21: 3.3 | H21: EXISTENCIA Y REPRESENTACION LEGAL
A22: 3.3.1 | B22: PERSONAS NATURALES | G22: 3.3.1 | H22: PERSONAS NATURALES
A23: A | B23: Existencia y representación legal persona natural. Cedula | C23: X | G23: A | H23: Existencia y representación legal persona natural. Cedula | I23: N.A
A24: B | B24: Persona natural extranjera residente en Colombia. | C24: X | G24: B | H24: Persona natural extranjera residente en Colombia. | I24: N.A
A25: C | B25: Persona natural extranjera si domicilio en Colombia. | C25: X | G25: C | H25: Persona natural extranjera si domicilio en Colombia. | I25: N.A
A26: 3.3.2 | B26: PERSONAS JURIDICAS | G26: 3.3.2 | H26: PERSONAS JURIDICAS
A27: A. | B27: Persona jurídica nacional o extranjera con sucursal en Colombia | G27: A. | H27: Persona jurídica nacional o extranjera con sucursal en Colombia
A28: A1. | B28: Certificado de existencia y representacion legal persona jurídica | G28: A1. | H28: Certificado de existencia y representacion legal persona jurídica
B29: Fecha de expedición del certificado. | C29: N.A | H29: Fecha de expedición del certificado. | I29: X
B30: Objeto de la sociedad. | C30: N.A | H30: Objeto de la sociedad. | I30: X
B31: Vigencia de la persona jurídica. | C31: N.A | H31: Vigencia de la persona jurídica. | I31: X
B32: Capacidad del reprentante legal. | C32: N.A | H32: Capacidad del reprentante legal. | I32: X
B33: Nombramiento del revisor fiscal en caso de que exista. | C33: N.A | H33: Nombramiento del revisor fiscal en caso de que exista. | I33: X
B34: Persona jurídica extranjera legalmente establecidad. | C34: N.A | H34: Persona jurídica extranjera legalmente establecidad. | I34: X
A35: A.2. | B35: Certificación del revisor fiscal en caso de ser sociedad anónima. | C35: N.A | G35: A.2. | H35: Certificación del revisor fiscal en caso de ser sociedad anónima. | I35: N.A
A36: B. | B36: Persona Jurídica extranjera sin sucursal o domicilio en Colombia. | C36: N.A | G36: B. | H36: Persona Jurídica extranjera sin sucursal o domicilio en Colombia. | I36: N.A
A37: B1. | B37: I. Nombre o razón social completa. | C37: N.A | G37: B1. | H37: I. Nombre o razón social completa. | I37: N.A
A38: B2. | B38: II. Nombre del Representante Legal o de la persona facultada para comprometer a la persona jurídica. | C38: N.A | G38: B2. | H38: II. Nombre del Representante Legal o de la persona facultada para comprometer a la persona jurídica. | I38: N.A
A39: B3. | B39: III. Que el objeto de la sociedad permita ejecutar las actividades descritas en el objeto del presente Proceso de Contratación. | C39: N.A | G39: B3. | H39: III. Que el objeto de la sociedad permita ejecutar las actividades descritas en el objeto del presente Proceso de Contratación. | I39: N.A
A40: B4. | B40: IV. Facultades del representante legal o de la persona facultada para comprometer a la persona jurídica, en la que se señale expresamente que el representante no tiene limitaciones para contraer obligaciones en nombre de la misma o aportando la autorización o documento correspondiente del órgano social competente respectivo para cada caso. | C40: N.A | G40: B4. | H40: IV. Facultades del representante legal o de la persona facultada para comprometer a la persona jurídica, en la que se señale expresamente que el representante no tiene limitaciones para contraer obligaciones en nombre de la misma o aportando la autorización o documento correspondiente del órgano social competente respectivo para cada caso. | I40: N.A
A41: B5. | B41: V. Tipo, número y fecha del documento de constitución o creación. | C41: N.A | G41: B5. | H41: V. Tipo, número y fecha del documento de constitución o creación. | I41: N.A
A42: B6. | B42: VI. Fecha y clase de documento por el cual se reconoce la personería jurídica. | C42: N.A | G42: B6. | H42: VI. Fecha y clase de documento por el cual se reconoce la personería jurídica. | I42: N.A
A43: B7. | B43: VII. Vigencia de la persona jurídica no inferior al plazo del contrato y mínimo 30 meses adicionales contados a partir de la fecha del cierre del Proceso de Contratación. | C43: N.A | G43: B7. | H43: VII. Vigencia de la persona jurídica no inferior al plazo del contrato y mínimo 30 meses adicionales contados a partir de la fecha del cierre del Proceso de Contratación. | I43: N.A
A44: 3.3.3 | B44: PROPONENTES PLURALES | G44: 3.3.3 | H44: PROPONENTES PLURALES
A45: A | B45: Acreditación existencia y clasificación del proponente plural. | C45: N.A | G45: A | H45: Acreditación existencia y clasificación del proponente plural. | I45: N.A
A46: B | B46: Acreditación nombramiento del representante legal. | C46: N.A | G46: B | H46: Acreditación nombramiento del representante legal. | I46: N.A
A47: C | B47: Cédula de ciudadanía del representante de la estructura plural. | C47: N.A | G47: C | H47: Cédula de ciudadanía del representante de la estructura plural. | I47: N.A
A48: D | B48: Vigencia de la estructura plural. | C48: N.A | G48: D | H48: Vigencia de la estructura plural. | I48: N.A
A49: E | B49: Porcentaje de participación de los miembros de la estructura plural. | C49: N.A | G49: E | H49: Porcentaje de participación de los miembros de la estructura plural. | I49: N.A
A50: F | B50: No modificación de porcentajes de participación en la estructura plural. | C50: N.A | G50: F | H50: No modificación de porcentajes de participación en la estructura plural. | I50: N.A
A51: 3.4 | B51: CERTIFICACION DE PAGOS DE SEGURIDAD SOCIAL Y APORTES LEGALES | G51: 3.4 | H51: CERTIFICACION DE PAGOS DE SEGURIDAD SOCIAL Y APORTES LEGALES
A52: 3.4.1 | B52: PERSONAS JURIDICAS | C52: N.A | G52: 3.4.1 | H52: PERSONAS JURIDICAS | I52: X
A53: 3.4.2 | B53: PERSONAS NATURALES | C53: X | G53: 3.4.2 | H53: PERSONAS NATURALES | I53: N.A
A54: 3.4.3 | B54: PROPONENTES PLURALES | C54: N.A | G54: 3.4.3 | H54: PROPONENTES PLURALES | I54: N.A
A55: 3.5 | B55: EXPERIENCIA | G55: 3.5 | H55: EXPERIENCIA
A56: 3.5.1 | B56: EXPERIENCIA MINIMA | G56: 3.5.1 | H56: EXPERIENCIA MINIMA
A57: A | B57: Objeto: : CONSTRUCIION DE OBRAS DE MITIGACIÓN QUE INCLUYAN LA CONSTURCCION DE GAVIONES. | C57: X | G57: A | H57: Objeto: : CONSTRUCIION DE OBRAS DE MITIGACIÓN QUE INCLUYAN LA CONSTURCCION DE GAVIONES. | I57: X | K57: Subsanó dentro del plazo establecido
A58: B | C58: X | G58: B | I58: X | K58: Subsanó dentro del plazo establecido
A59: 0.75 | B59: =75%*D2 -> 43.434728 | G59: 0.75 | H59: =75%*J2 -> 43.434728
A60: 1.2 | B60: =120%*D2 -> 69.495565 | G60: 1.2 | H60: =120%*J2 -> 69.495565
A61: 1.5 | B61: =150%*D2 -> 86.869456 | G61: 1.5 | H61: =150%*J2 -> 86.869456
A62: C | B62: Los contratos serán verificados en el Registro Único de Proponentes (RUP) y en el “Formato 3 – Experiencia | C62: X | E62: El RUP tiene fecha de expedición mayor a 1 un mes. Subsanar | G62: C | H62: Los contratos serán verificados en el Registro Único de Proponentes (RUP) y en el “Formato 3 – Experiencia | I62: X | K62: Subsanó dentro del plazo establecido
A63: D | B63: CLASIFICACION DE LA EXPERIENCIA - CODIGOS UNSPSC | C63: X | G63: D | H63: CLASIFICACION DE LA EXPERIENCIA - CODIGOS UNSPSC | I63: X | K63: Subsanó dentro del plazo establecido
A64: E | B64: MINIMO 1 MAXIMO 5 CONTRATOS | C64: X | G64: E | H64: MINIMO 1 MAXIMO 5 CONTRATOS | I64: X | K64: Subsanó dentro del plazo establecido
A65: G | B65: DOCUMENTOS VALIDOS PARA LA ACREDITACION DE LA EXPERIENCIA REQUERIDA | C65: X | G65: G | H65: DOCUMENTOS VALIDOS PARA LA ACREDITACION DE LA EXPERIENCIA REQUERIDA | I65: X | K65: Subsanó dentro del plazo establecido
A66: H | B66: SUBCONTRATOS | C66: N.A | G66: H | H66: SUBCONTRATOS | I66: N.A
A68: 3.6 | B68: CAPACIDAD FINANCIERA | G68: 3.6 | H68: CAPACIDAD FINANCIERA
B69: Mypime | H69: Mypime
A70: 3.5.1 | B70: Liquidez >= 1,11 | C70: X | G70: 3.5.1 | H70: Liquidez >= 1,11 | I70: X
A71: 3.5.2 | B71: Nivel de endeudamiento <= 75% | C71: X | G71: 3.5.2 | H71: Nivel de endeudamiento <= 75% | I71: X
A72: 3.5.3 | B72: Razon de cobertura de Intereses >=0 | C72: X | G72: 3.5.3 | H72: Razon de cobertura de Intereses >=0 | I72: X
B73: No Mypime | H73: No Mypime
A74: 3.5.1 | B74: Liquidez >= 1,21 | C74: N.A | G74: 3.5.1 | H74: Liquidez >= 1,21 | I74: N.A
A75: 3.5.2 | B75: Nivel de endeudamiento <= 70% | C75: N.A | G75: 3.5.2 | H75: Nivel de endeudamiento <= 70% | I75: N.A
A76: 3.5.3 | B76: Razon de cobertura de Intereses >=1 | C76: N.A | G76: 3.5.3 | H76: Razon de cobertura de Intereses >=1 | I76: N.A
A77: 3.7 | B77: CAPITAL DE TRABAJO | G77: 3.7 | H77: CAPITAL DE TRABAJO
A78: 3.6.1 | B78: AC-PC = CTd >= 10% x (PO) | C78: X | G78: 3.6.1 | H78: AC-PC = CTd >= 10% x (PO) | I78: X
B79: =10%*C2 -> 6717904.6 | H79: =10%*I2 -> 6717904.6
A80: 3.8 | B80: CAPACIDAD ORGANIZACIONAL | G80: 3.8 | H80: CAPACIDAD ORGANIZACIONAL
B81: Mypime | H81: Mypime
A82: 3.7.1 | B82: Rentabilidad sobre Patrimonio (ROE) >= 0 | C82: X | G82: 3.7.1 | H82: Rentabilidad sobre Patrimonio (ROE) >= 0 | I82: X
A83: 3.7.2 | B83: Rentabilidad del Activo (ROA) >= 0 | C83: X | G83: 3.7.2 | H83: Rentabilidad del Activo (ROA) >= 0 | I83: X
B84: No Mypime | H84: No Mypime
A85: 3.7.1 | B85: Rentabilidad sobre Patrimonio (ROE) >= 0,04 | C85: N.A | G85: 3.7.1 | H85: Rentabilidad sobre Patrimonio (ROE) >= 0,04
A86: 3.7.2 | B86: Rentabilidad del Activo (ROA) >= 0,02 | C86: N.A | G86: 3.7.2 | H86: Rentabilidad del Activo (ROA) >= 0,02
A87: 3.9 | B87: ACREDITACION DE LA CAPACIDAD FINANCIERA Y ORGANIZACIONAL | G87: 3.9 | H87: ACREDITACION DE LA CAPACIDAD FINANCIERA Y ORGANIZACIONAL
A88: 3.9.1 | B88: Personas Naturales o Juridicado nacionales y extrangeras con sucursal en Colombia . Resentacion de RUP | G88: 3.9.1 | H88: Personas Naturales o Juridicado nacionales y extrangeras con sucursal en Colombia . Resentacion de RUP
A89: a | B89: Registro Único de Proponentes vigente y en firme | D89: X | E89: El RUP tiene fecha de expedición mayor a 1 un mes. Subsanar | G89: a | H89: Registro Único de Proponentes vigente y en firme | I89: X
A90: 3.9.2 | B90: Personad Naturales o Juriidicas extrajenras sin sucursal en colombia | G90: 3.9.2 | H90: Personad Naturales o Juriidicas extrajenras sin sucursal en colombia
A91: a | B91: Estados Financieros | C91: N.A | G91: a | H91: Estados Financieros | I91: N.A
A92: b | B92: Tarjeta Profesional de Contador o Rev. Fiscal | C92: N.A | G92: b | H92: Tarjeta Profesional de Contador o Rev. Fiscal | I92: N.A
A93: c | B93: Formato 4 - Capacidad financiera y organizacional | C93: N.A | G93: c | H93: Formato 4 - Capacidad financiera y organizacional | I93: N.A
A94: 3.10 | B94: CAPACIDAD RESIDUAL | G94: 3.10 | H94: CAPACIDAD RESIDUAL
A95: A | D95: X | E95: Certificado de Vigencia de Contador esta Vencido, Subsanar | G95: A | I95: X | K95: Subsano dentro del plazo establecido
B96: =+C2 -> 67179046 | H96: =+I2 -> 67179046
A97: 7 | B97: GARANTIA DE SERIEDAD DE LA OFERTA | G97: 7 | H97: GARANTIA DE SERIEDAD DE LA OFERTA
B98: Garantía de seriedad de la Oferta | D98: X | E98: No Anexa Garatia de Seriedad de la oferta | H98: Garantía de seriedad de la Oferta | I98: X
B99: Valor Asegurado | D99: X | E99: No Anexa Garatia de Seriedad de la oferta | H99: Valor Asegurado | I99: X
B100: Vigencia de la Garantía de Seriedad de la Oferta por el término de 3 meses. | D100: X | E100: No Anexa Garatia de Seriedad de la oferta | H100: Vigencia de la Garantía de Seriedad de la Oferta por el término de 3 meses. | I100: X
A102: De conformidad con el Capitulo III REQUISITOS HABILITANTES Y SU VERIFICACIÓN , del pliego de condiciones definitivo, el Municipio de Copacabana procedió a verificar los requisitos para habilitar y concluye que | G102: De conformidad con el Capitulo III REQUISITOS HABILITANTES Y SU VERIFICACIÓN , del pliego de condiciones definitivo, el Municipio de Copacabana procedió a verificar los requisitos para habilitar y concluye que
...

Sheet Puntaje Oferta Economica
A2: Numero de Proponente | B2: Proponente | C2: Valor Oferta Economica | D2: Valido / No Valido | E2: De acuerdo a la TRM la formula será: MENOR VALOR
A3: 1 | B3: =+Evaluación!C4 -> OSCAR ADOLFO DIEZ YEPES | C3: 65594000 | D3: No Valido | E3: 0
A4: 2 | B4: =+Evaluación!H103 -> SOLUCIONES INTEGRALES TM SAS | C4: 65870934 | D4: Valido | E4: 59.5

Sheet Resumen
A1: No. | B1: PORPONENTE | C1: Cumple | D1: No Cumple SUBSANAR | E1: Rechazado | F1: Puntaje
F2: =+Evaluación!A109 -> Oferta Economica | G2: =+Evaluación!A110 -> Factor de Calidad | H2: =+Evaluación!A111 -> Apoyo Industria Nacional | I2: =+Evaluación!A112 -> Emprendimientos y empresas de mujeres | J2: =+Evaluación!A113 -> Mipyme | K2: TOTAL
A3: 1 | B3: =+Evaluación!C4 -> OSCAR ADOLFO DIEZ YEPES | E3: X | F3: =+Evaluación!C117 -> - | G3: 0 | H3: 0 | I3: =+Evaluación!C124 -> 0 | J3: =+Evaluación!C126 -> 0 | K3: =SUM(F3:J3) -> 0
A4: 2 | B4: =+Evaluación!I4 -> SOLUCIONES INTEGRALES TM SAS | C4: X | F4: =+Evaluación!I117 -> 59.5 | G4: =+Evaluación!I119 -> 20 | H4: =+Evaluación!I121 -> 20 | I4: =+Evaluación!I124 -> 0.25 | J4: =+Evaluación!I126 -> 0.25 | K4: =SUM(F4:J4) -> 100
